 Dungeon Crawl Stone Soup version 0.25-a0-265-g7af84ae0ac (webtiles) character file.

Game seed: 3431935637938463699, levelgen mode: classic

136 Borgoz the Skirmisher (level 5, -2/49 HPs)
             Began as a Gargoyle Monk on Dec 7, 2019.
             Slain by an orc warrior
             ... wielding a cursed -3 war axe
              (7 damage)
             ... on level 4 of the Dungeon.
             The game lasted 00:03:51 (2942 turns).

Borgoz the Skirmisher (Gargoyle Monk)               Turns: 2942, Time: 00:03:51

Health: -2/49      AC: 13    Str: 20    XL:     5   Next: 19%
Magic:  5/5        EV:  8    Int: 11    God:
Gold:   213        SH:  0    Dex: 12    Spells: 4/4 levels left

rFire    . . .     SeeInvis .   a - +0 falchion
rCold    . . .     Gourm    .   (no shield)
rNeg     + . .     Faith    .   d - +0 chain mail
rPois    ∞         Spirit   .   (no helmet)
rElec    +         Reflect  .   (no cloak)
rCorr    .         Harm     .   h - +0 pair of gloves
MR       +....                  (no boots)
Stlth    ..........             p - amulet of rage
HPRegen  0.16/turn              q - ring of protection from magic
MPRegen  0.09/turn              (no ring)

@: berserking, very quick
A: negative energy resistance 1, electricity resistance, unbreathing,
petrification resistance, rot immunity, AC +4
a: Evoke Berserk Rage


You were on level 4 of the Dungeon.
You were hungry.

You visited 1 branch of the dungeon, and saw 4 of its levels.

You collected 213 gold pieces.

Inventory:

Hand Weapons
 a - a +0 falchion (weapon)
Armour
 b - a +0 robe
 d - a +0 chain mail (worn)
 h - a +0 pair of gloves (worn)
Jewellery
 p - an amulet of rage (around neck)
 q - a ring of protection from magic (left hand)
 u - an uncursed ring of protection from fire {unknown}
Wands
 s - a wand of random effects (8)
Scrolls
 e - 5 scrolls of amnesia
 i - 2 scrolls of teleportation {unknown}
 j - 3 scrolls of remove curse
 k - a scroll of magic mapping {unknown}
 n - a scroll of fog {unknown}
 o - 3 scrolls of identify {unknown}
 r - a scroll of enchant armour {unknown}
Potions
 f - a potion of mutation {unknown}
 g - a potion of brilliance
 l - a potion of ambrosia {unknown}
 m - 2 potions of curing
Comestibles
 c - 8 rations
 t - 3 chunks of flesh


   Skills:
 + Level 4.0 Fighting
 * Level 3.9 Long Blades
 + Level 2.0 Armour
 + Level 3.0 Dodging
 - Level 2.1 Stealth
 + Level 0.1 Evocations


You had 4 spell levels left.
You didn't know any spells.
Your spell library was empty.

Dungeon Overview and Level Annotations

Branches:
Dungeon (4/15)
 Temple: D:4-7

Altars:
Fedhas
Hepliaklqana
Kikubaaqudgha
Wu Jian
Xom
Zin


Innate Abilities, Weirdness & Mutations

You are resistant to torment.
Your stone body is resilient. (AC +4)
You are immune to poison.
You resist negative energy. (rN+)
You are resistant to electric shocks. (rElec)
You can survive without breathing.
You are immune to petrification.
You are immune to rotting.


Message History

The orc warrior is moderately wounded.
The orc hits you but does no damage.
The orc warrior hits you with a cursed -3 war axe!
* * * LOW HITPOINT WARNING * * *
You hit the orc warrior.
The orc warrior is heavily wounded.
You slash the orc warrior!
The orc warrior is almost dead.
The orc hits you with a +0 mace.
* * * LOW HITPOINT WARNING * * *
The orc warrior hits you with a cursed -3 war axe.
* * * LOW HITPOINT WARNING * * *
An orc comes into view.
You barely miss the orc warrior.
The orc warrior is almost dead.
You hit the orc warrior but do no damage.
The orc warrior is almost dead.
The orc hits you but does no damage.
The orc warrior hits you with a cursed -3 war axe!
You die...

#....≈≈≈..##
#.#..≈≈≈..#
#.#..≈≈≈..#
#.#...8...#
#.##.....##
#.###....# $.#
##...# #.
#.#o#######
...#@......#
#o####o......#
.. .o......# .
.........#
###.......#
#.####### #.#
#.#


You could see an orc warrior and 2 orcs.

Vanquished Creatures
  An orc priest (D:2)
  An adder (D:3)
  An ooze (D:1)
  2 worms
  A dart slug (D:2)
  3 leopard geckos
  7 orcs
  13 bats
  5 giant cockroaches
  8 goblins
  8 hobgoblins
  2 jackals (D:4)
  A quokka (D:3)
  2 ball pythons
  4 frilled lizards
  7 kobolds
  9 rats
75 creatures vanquished.

Vanquished Creatures (others)
  A human (D:2)
1 creature vanquished.

Grand Total: 76 creatures vanquished

Notes
Turn   | Place    | Note
-------+----------+-------------------------------------------
     0 | D:1      | Borgoz the Gargoyle Monk began the quest for the Orb.
     0 | D:1      | Reached XP level 1. HP: 14/14 MP: 1/1
    89 | D:1      | Reached XP level 2. HP: 18/19 MP: 2/2
   363 | D:1      | Reached skill level 1 in Armour
   419 | D:1      | Reached XP level 3. HP: 21/23 MP: 3/3
   702 | D:2      | Found a shimmering altar of Xom.
  1200 | D:2      | Found an ancient bone altar of Kikubaaqudgha.
  1201 | D:2      | Noticed a human
  1203 | D:2      | Killed a human
  1318 | D:2      | Reached XP level 4. HP: 25/29 MP: 4/4
  1574 | D:2      | Found a hazy altar of Hepliaklqana.
  2002 | D:3      | Found a glowing silver altar of Zin.
  2037 | D:3      | Reached XP level 5. HP: 13/33 MP: 5/5
  2398 | D:3      | Reached skill level 4 in Fighting
  2535 | D:3      | Found a blossoming altar of Fedhas.
  2535 | D:3      | Found an ornate altar of the Wu Jian Council.
  2928 | D:4      | Noticed an orc warrior
  2942 | D:4      | Slain by an orc warrior

Levels and vault maps discovered:
D:1:      lightli_arrival_statuegarden, layout_loops_ring
D:2:      layout_basic, nicolae_overflow_crystal_walls, lemuel_crystal_altar,
          st_stairs_11, tgw_kikubaaqudgha
D:3:      layout_rooms, lemuel_crystal_altar, amethyst_overflow_temple_binary,
          minivault_26
D:4:      layout_rooms, ashenzari_altar_1, temple_statues, first_ration,
          serial_park_tiny_pond

Skill      XL: |  1  2  3  4  5 |
---------------+----------------+-----
Long Blades    | 3 |  3.9
Armour         | 1 2 |  2.0
Dodging        | 3 |  3.0
Fighting       | 4 |  4.0
Stealth        | |  2.1
Evocations     | |  0.1

Action                   |  1- 3 |  4- 6 || total
-------------------------+-------+-------++-------
Melee: Falchion          |   130 |   147 ||   277
 Abil: Evoke Berserk Rag |       |     1 ||     1
  Use: Potion            |     2 |       ||     2
       Scroll            |       |     3 ||     3
 Stab: Sleeping          |     5 |       ||     5
  Eat: Chunk             |     2 |     5 ||     7
Armor: Robe              |    66 |    43 ||   109
       Chain mail        |       |    30 ||    30
Dodge: Dodged            |   126 |   102 ||   228
       Rpst.: Falchion   |    39 |    28 ||    67

Table legend:
 A = Non-vault XP
 B = Vault XP
 C = Vault XP percentage of total XP
 D = Non-vault monster count
 E = Vault monster count
 F = Vault count percentage of total count
                 A         B        C        D         E       F
            +---------+---------+-------+---------+---------+-------
      Total |     190 |       5 |   2.6 |      72 |       3 |   4.0
            +---------+---------+-------+---------+---------+-------
        D:1 |      43 |       0 |   0.0 |      23 |       0 |   0.0
        D:2 |      88 |       5 |   5.4 |      24 |       3 |  11.1
        D:3 |      51 |       0 |   0.0 |      21 |       0 |   0.0
        D:4 |       8 |       0 |   0.0 |       4 |       0 |   0.0
            +---------+---------+-------+---------+---------+-------
